 Dungeon Crawl Stone Soup version 0.18.1-6-gd335043 (webtiles) character file.

43250 inmateoo the Severer (level 14, -17/129 HPs)
             Began as a Hill Orc Assassin on May 19, 2016.
             Was a High Priest of Kikubaaqudgha.
             Killed from afar by an orc sorcerer (34 damage)
             ... with a bolt of negative energy
             ... on level 2 of the Orcish Mines.
             The game lasted 00:30:22 (18940 turns).

inmateoo the Severer (Hill Orc Assassin)           Turns: 18940, Time: 00:30:23

Health: -17/129    AC:  0    Str: 19    XL:     14   Next: 23%
Magic:  14/14      EV:  7    Int: 15    God:    Kikubaaqudgha [*****.]
Gold:   646        SH: 16    Dex: 13    Spells: 0 memorised, 13 levels left

rFire  + . .     SeeInvis .     c - +9 broad axe (flame)
rCold  . . .     Gourm    .     e - +3 chain mail {rF+}
rNeg   . . .     Faith    .     E - +0 large shield
rPois  +         Spirit   .     (helmet restricted)
rElec  .         Dismiss  .     o - +2 cloak {rPois}
rCorr  +         Reflect  .     S - +2 pair of gloves {archery}
SustAt .         Harm     .     k - +0 pair of boots
MR     +....     Clarity  +     (no amulet)
Stlth  ..........               U - +3 ring of dexterity
                                a - ring of resist corrosion

@: corroded, heavily drained, somewhat resistant to hostile enchantments,
extremely unstealthy
A: claws 1, horns 1, clarity, clever 2, clumsy 1, regeneration 1, no device heal
1
a: Receive Corpses, Torment, Renounce Religion


You were on level 2 of the Orcish Mines.
You worshipped Kikubaaqudgha.
Kikubaaqudgha was extremely pleased with you.
You were not hungry.

You visited 2 branches of the dungeon, and saw 17 of its levels.
You also visited: Volcano.

You collected 1751 gold pieces.
You spent 1105 gold pieces at shops.

Inventory:

Hand Weapons
 c - a +9 broad axe of flaming (weapon)
 f - a +4 war axe of chopping
 r - a +2 battleaxe of electrocution
Armour
 e - a +3 chain mail of fire resistance (worn)
 k - a +0 pair of boots (worn)
 o - a +2 cloak of poison resistance (worn)
 t - a +0 helmet
 E - a +0 large shield (worn)
 S - a +2 pair of gloves of archery (worn)
 Y - a +1 plate armour of fire resistance
Jewellery
 a - a ring of resist corrosion (left hand)
 U - a +3 ring of dexterity (right hand)
Wands
 d - a wand of random effects (7/48)
 q - a wand of paralysis (0/24)
 u - a wand of acid (15/15)
 y - a wand of random effects (16/48)
 C - a wand of iceblast (11/15)
 L - a wand of confusion (21/48)
Scrolls
 i - 5 scrolls of teleportation
 j - 4 scrolls of remove curse
 m - 3 scrolls of identify
 n - 2 scrolls of magic mapping
 v - 4 scrolls of amnesia
 H - 3 scrolls of enchant weapon
 J - a scroll of fear
Potions
 b - a potion of berserk rage {unknown}
 h - 2 potions of curing
 x - 3 potions of heal wounds
 z - 3 potions of might
 A - a potion of beneficial mutation
 B - a potion of haste
 F - 2 potions of magic
 G - a potion of brilliance
 K - a potion of lignification
 N - 2 potions of resistance
 V - 2 potions of cure mutation
Books
 p - Kikubaaqudgha's Catalogue of Evil Rituals
   (Kikubaaqudgha gifted it to you on level 9 of the Dungeon)

   Spells                             Type                      Level
   a - Animate Dead                   Necromancy                   4
   b - Bolt of Draining               Conjuration/Necromancy       5
   c - Agony                          Necromancy                   5
   d - Dispel Undead                  Necromancy                   5
   e - Death Channel                  Necromancy                   6
 w - a Necronomicon

   Spells                             Type                      Level
   a - Haunt                          Necromancy/Summoning         7
   b - Borgnjor's Revivification      Necromancy                   8
   c - Death's Door                   Charms/Necromancy            8
   d - Necromutation                  Transmutation/Necromancy     8
 D - Kikubaaqudgha's Guide on Sinister Magic
   (Kikubaaqudgha gifted it to you on level 4 of the Dungeon)

   Spells                             Type                      Level
   a - Pain                           Necromancy                   1
   b - Corpse Rot                     Necromancy                   2
   c - Sublimation of Blood           Necromancy                   2
   d - Vampiric Draining              Necromancy                   3
   e - Control Undead                 Necromancy                   4
 R - a book of Annihilations

   Spells                             Type                      Level
   a - Poison Arrow                   Conjuration/Poison           6
   b - Chain Lightning                Conjuration/Air              8
   c - Lehudib's Crystal Spear        Conjuration/Earth            8
   d - Glaciate                       Conjuration/Ice              9
   e - Fire Storm                     Conjuration/Fire             9
Comestibles
 g - 15 bread rations
 l - 7 meat rations
 s - 4 chunks of flesh
 Q - 3 slices of pizza
 W - 15 royal jellies


   Skills:
 + Level 13.6(11.5) Fighting
   Level 2.0(0.4) Short Blades
 * Level 16.7(14.4) Axes
 - Level 1.7(0.2) Throwing
 + Level 12.2(10.2) Armour
 + Level 7.2(5.5) Dodging
 - Level 3.2(1.6) Stealth
 + Level 9.5(7.6) Shields


You had 13 spell levels left.
You didn't know any spells.

Dungeon Overview and Level Annotations

Branches:
Dungeon (15/15)            Temple (0/1) D:7            Lair (0/8) D:10
    Orc (2/2) D:11            Elf (0/3) Orc:2        Vaults (0/5) D:13
 Depths (0/5) D:15

Altars:
Ashenzari
Elyvilon
Fedhas
Kikubaaqudgha
Makhleb
Nemelex Xobeh
Okawaru
Zin
Beogh

Shops:
D:6 %   Orc:1 [   Orc:2 !(


Innate Abilities, Weirdness & Mutations

You have sharp fingernails.
You have a pair of small horns on your head.
You possess an exceptional clarity of mind.
Your mind is very acute. (Int +4)
You are clumsy. (Dex -2)
Your natural rate of healing is unusually fast.
Potions and wands are less effective at restoring your health.


Message History

* * * LOW HITPOINT WARNING * * *
Unknown command.
Unknown command.
The orc sorcerer casts a spell at you.
The bolt of fire hits the orc.
The orc dies!
The bolt of fire hits you! You resist.
* * * LOW HITPOINT WARNING * * *
Items here: ( ) [[ †† Unknown command.
Unknown command.
Drink which item? (? for menu, Esc to quit)
You feel much better.
The orc sorcerer points at you and mumbles some strange words.
The bolt of negative energy hits the orc.
The orc is drained!
The orc dies!
The bolt of negative energy hits you!
You feel drained.
You die...
Kikubaaqudgha rasps: "You have failed me!
Welcome... death!"

.......,,,,,,,,..................
........,,,,,,,..........#.......
#####.###,***,#######..##...#.#..
,_,,*.# *,* *,#....∩#..#.........
,,,,*,***,***,#.....#............
,,,,*,,,,,,,,,#.....#.....#..#...
*+***,***,**#,#.....#.....#......
,,,,,,* *,* #.###)###........#.##
,,,8,,* *,* #.))@)............###
,,,,,,***,**#..##)###...........#
,,,,,,,,,,.....#§o).#...##...))..
*,***,***####..#....#..####.#)...
*,* *,* #..#...∩#..# #.......
*,***,******#..######..# ##...._.
,,,,,,,,,,,,...,,,,,...#**#......
,,,,,,,,,,,,...,,,,,,...#........
**********************,..........


You could see an orc sorcerer.

Vanquished Creatures
  An orc warlord (D:10)
  Josephine (D:14)
  A yaktaur captain (D:15)
  2 centaur warriors
  A catoblepas (D:14)
  2 dancing weapons (D:12)
  A tengu warrior (D:11)
  Nergalle (D:11)
  2 unseen horrors (D:15)
  6 hill giants
  Pikel (D:5)
  An orc knight (D:14)
  4 orc sorcerers
  A deep elf mage (D:14)
  An ugly thing (D:11)
  4 cyclopes
  Maurice (D:12)
  Psyche (D:12)
  A yaktaur (D:15)
  4 kobold demonologists
  A freezing wraith (D:15)
  2 efreet (D:15)
  6 trolls
  Grinder (D:5)
  2 queen bees
  2 two-headed ogres
  11 slime creatures
  A flying skull (Volcano)
  A shadow (D:14)
  A spriggan (D:9)
  The ghost of zeroDi the Sneak, an amateur VSAs (D:4)
  2 vampires
  Sigmund (D:2)
  2 wyverns
  6 wraiths
  A yak (shapeshifter) (D:12)
  A fire elemental (Orc:2)
  A golden eye (shapeshifter) (D:15)
  13 yaks
  2 hippogriffs
  A hungry ghost (D:10)
  6 vampire mosquitoes
  A mottled dragon (D:13)
  Menkaure (D:4)
  7 wargs
  A soldier ant (D:13)
  A hell hound (Orc:2)
  A water moccasin (D:11)
  3 ice beasts
  22 orc warriors
  A slave (D:5)
  6 sky beasts
  2 black bears
  A necrophage (D:8)
  3 wasps
  8 ogres
  5 boggarts (D:15)
  17 centaurs
  A crocodile (D:13)
  3 big kobolds
  8 giant frogs
  A wyvern zombie (D:12)
  7 scorpions
  48 killer bees
  7 wights
  4 howler monkeys (D:14)
  2 crimson imps
  A wasp zombie (D:13)
  8 jellies
  A quasit (D:9)
  4 centaur zombies
  2 giant frog zombies (D:8)
  6 hounds
  11 orc priests
  2 giant frog skeletons
  4 centaur skeletons
  A gnoll shaman (D:4)
  10 worker ants
  5 iguanas
  27 orc wizards
  A killer bee zombie (D:6)
  4 sheep (D:14)
  2 hound skeletons
  2 mummies (Volcano)
  Robin (D:3)
  A worker ant zombie (D:11)
  9 adders
  5 gnolls
  2 shadow imps
  An adder skeleton (D:5)
  A worm (D:4)
  2 dart slugs (D:1)
  7 giant geckos
  99 orcs
  10 bats
  4 giant cockroaches
  18 goblins
  10 hobgoblins
  10 jackals
  3 quokkas
  A giant cockroach zombie (D:5)
  8 giant newts
  18 kobolds
  A quokka zombie (D:8)
  9 rats
574 creatures vanquished.

Vanquished Creatures (others)
  3 orc wizards (Orc:2)
  2 orcs (Orc:2)
  2 plants (D:9)
7 creatures vanquished.

Grand Total: 581 creatures vanquished

Notes
Turn   | Place    | Note
--------------------------------------------------------------
     0 | D:1      | inmateoo the Hill Orc Assassin began the quest for the Orb.
     0 | D:1      | Reached XP level 1. HP: 18/18 MP: 1/1
    86 | D:1      | Reached XP level 2. HP: 19/26 MP: 2/2
   997 | D:2      | Reached XP level 3. HP: 30/33 MP: 3/3
  1093 | D:2      | Reached skill level 1 in Armour
  1153 | D:2      | Noticed Sigmund
  1172 | D:2      | Killed Sigmund
  1172 | D:2      | Reached skill level 5 in Fighting
  1172 | D:2      | Reached XP level 4. HP: 25/42 MP: 4/4
  1172 | D:2      | Reached XP level 5. HP: 29/48 MP: 5/5
  1607 | D:2      | Reached XP level 6. HP: 56/56 MP: 6/6
  1843 | D:3      | Noticed Robin
  1936 | D:3      | Killed Robin
  2945 | D:4      | Noticed zeroDi's ghost (amateur VSAs)
  2974 | D:4      | Killed zeroDi's ghost
  2974 | D:4      | Reached skill level 5 in Armour
  2974 | D:4      | Reached XP level 7. HP: 46/64 MP: 7/7
  3185 | D:4      | Found a blossoming altar of Fedhas.
  3186 | D:4      | Found an ancient bone altar of Kikubaaqudgha.
  3193 | D:4      | Became a worshipper of Kikubaaqudgha
  3404 | D:4      | Noticed Menkaure
  3414 | D:4      | HP: 1/66 [Menkaure (13)]
  3418 | D:4      | Killed Menkaure
  4158 | D:4      | Found a white marble altar of Elyvilon.
  4158 | D:4      | Found an iron altar of Okawaru.
  4329 | D:5      | Entered Level 5 of the Dungeon
  4357 | D:5      | Reached XP level 8. HP: 72/74 MP: 8/8
  4730 | D:4      | Reached * piety under Kikubaaqudgha
  4730 | D:4      | Received a gift from Kikubaaqudgha
  4733 | D:4      | Identified Kikubaaqudgha's Guide on Sinister Magic (Kikubaaqudgha gifted it to you on level 4 of the Dungeon)
  4740 | D:5      | Reached skill level 1 in Axes
  4764 | D:4      | Reached skill level 2 in Axes
  5004 | D:5      | Found a glowing silver altar of Zin.
  5032 | D:5      | Noticed Grinder
  5060 | D:6      | Reached skill level 3 in Axes
  5166 | D:5      | Paralysed by Grinder for 3 turns
  5176 | D:5      | Killed Grinder
  5176 | D:5      | Reached skill level 4 in Axes
  5501 | D:6      | Found Dyumoyng's Food Emporium.
  5512 | D:6      | Reached skill level 5 in Axes
  5587 | D:6      | Reached XP level 9. HP: 63/83 MP: 9/9
  5717 | D:6      | Paralysed by a wasp for 2 turns
  5739 | D:6      | Noticed Pikel
  5753 | D:5      | Reached skill level 6 in Axes
  6013 | D:5      | Killed Pikel
  6013 | D:5      | Reached skill level 7 in Axes
  6013 | D:5      | Reached skill level 1 in Shields
  6211 | D:7      | Found a sparkling altar of Nemelex Xobeh.
  6320 | D:7      | Found a staircase to the Ecumenical Temple.
  6806 | D:7      | Found a shattered altar of Ashenzari.
  6875 | D:7      | Gained mutation: You have a pair of small horns on your head. [potion of mutation]
  6875 | D:7      | Gained mutation: Your mind is acute. (Int +2) [potion of mutation]
  6875 | D:7      | Gained mutation: You are clumsy. (Dex -2) [potion of mutation]
  6876 | D:7      | Gained mutation: Your mind is very acute. (Int +4) [potion of mutation]
  6876 | D:7      | Gained mutation: You are very clumsy. (Dex -4) [potion of mutation]
  6876 | D:7      | Gained mutation: You tend to lose your temper in combat. [potion of mutation]
  6969 | D:8      | Reached ** piety under Kikubaaqudgha
  6969 | D:8      | Reached skill level 8 in Axes
  7184 | D:8      | Reached skill level 10 in Fighting
  7440 | D:8      | Reached XP level 10. HP: 64/93 MP: 10/10
  7754 | D:8      | Reached skill level 9 in Axes
  8254 | D:8      | Reached skill level 1 in Dodging
  8835 | D:9      | Gained mutation: Your natural rate of healing is unusually fast. [mutagenic meat]
  8836 | D:9      | Gained mutation: You have sharp fingernails. [mutagenic meat]
  8837 | D:9      | Lost mutation: You are very clumsy. (Dex -4) [mutagenic meat]
  8934 | D:9      | Found a burning altar of Makhleb.
  9183 | D:9      | Reached *** piety under Kikubaaqudgha
  9183 | D:9      | Received a gift from Kikubaaqudgha
  9198 | D:9      | Identified Kikubaaqudgha's Catalogue of Evil Rituals (Kikubaaqudgha gifted it to you on level 9 of the Dungeon)
  9271 | D:9      | Reached skill level 10 in Axes
  9416 | D:9      | Reached skill level 5 in Shields
 10110 | D:10     | Entered Level 10 of the Dungeon
 10197 | D:10     | Reached XP level 11. HP: 76/101 MP: 11/11
 10254 | D:10     | Reached skill level 11 in Axes
 10387 | D:10     | Found a staircase to the Lair.
 10529 | D:10     | Lost mutation: You tend to lose your temper in combat. [mutagenic meat]
 10530 | D:10     | Gained mutation: You possess an exceptional clarity of mind. [mutagenic meat]
 10531 | D:10     | Noticed a hill giant
 10549 | D:10     | Killed a hill giant
 10575 | D:10     | Noticed a hill giant
 10589 | D:10     | Killed a hill giant
 10669 | D:10     | Noticed a hill giant
 10676 | D:10     | Killed a hill giant
 10676 | D:10     | Reached **** piety under Kikubaaqudgha
 10798 | D:10     | Found an ancient bone altar of Kikubaaqudgha.
 10940 | D:11     | Noticed a cyan ugly thing
 10954 | D:11     | Killed a cyan ugly thing
 11221 | D:11     | Reached skill level 12 in Axes
 11259 | D:11     | Reached skill level 10 in Armour
 11433 | D:11     | Found a staircase to the Orcish Mines.
 11542 | D:11     | Noticed a tengu warrior
 11552 | D:11     | Killed a tengu warrior
 11892 | D:12     | Noticed Maurice
 11933 | D:12     | Killed Maurice
 11936 | D:12     | HP: 5/103 [troll (7)]
 11943 | D:12     | HP: 2/103 [wyvern zombie (5)]
 12291 | D:11     | HP: 5/104 [wight/long sword (4)]
 12528 | D:12     | Noticed Nergalle
 12530 | D:12     | Noticed a spectral orc warlord
 12556 | D:11     | Reached XP level 12. HP: 71/111 MP: 12/12
 12823 | D:12     | Noticed Psyche
 12847 | D:12     | Reached skill level 13 in Axes
 12855 | D:12     | Killed Psyche
 13315 | D:11     | Reached skill level 5 in Dodging
 13434 | D:11     | Killed Nergalle
 13565 | D:13     | Noticed a centaur warrior
 13580 | D:13     | Killed a centaur warrior
 13841 | D:13     | Reached skill level 14 in Axes
 14339 | D:12     | Reached XP level 13. HP: 43/119 MP: 13/13
 14508 | D:13     | Found a gate to the Vaults.
 14874 | D:14     | Noticed Josephine
 14905 | D:14     | Killed Josephine
 14920 | D:14     | Reached skill level 15 in Axes
 15047 | D:14     | Identified a scroll of acquirement
 15655 | D:14     | Found a roughly hewn altar of Beogh.
 15682 | D:14     | Reached ***** piety under Kikubaaqudgha
 16132 | D:15     | Entered Level 15 of the Dungeon
 16444 | D:15     | Gained mutation: Potions and wands are less effective at restoring your health. [mutagenic meat]
 16625 | D:15     | Found a staircase to the Depths.
 16625 | D:15     | Noticed a yaktaur captain
 16631 | D:15     | Killed a yaktaur captain
 16631 | D:15     | Reached skill level 16 in Axes
 17134 | Orc:1    | Entered Level 1 of the Orcish Mines
 17168 | Orc:2    | Entered Level 2 of the Orcish Mines
 17252 | Orc:2    | Found a staircase to the Elven Halls.
 17264 | Orc:2    | Found a dark tunnel.
 17284 | Volcano  | Entered a volcano
 17790 | Orc:1    | Noticed an orc warlord
 17797 | Orc:1    | Reached XP level 14. HP: 129/129 MP: 14/14
 18286 | D:10     | Killed an orc warlord
 18515 | Orc:1    | Found Wopuo's Antique Armour Boutique.
 18523 | Orc:1    | Bought a bloodstained buckler for 237 gold pieces
 18533 | Orc:1    | Identified the +0 buckler of Ruiheu {Stlth+} (You bought it in a shop on level 1 of the Orcish Mines)
 18796 | Orc:2    | Found a roughly hewn altar of Beogh.
 18867 | Orc:2    | Found Hujoec's Distillery.
 18913 | Orc:2    | Bought 2 potions of heal wounds for 140 gold pieces
 18913 | Orc:2    | Bought 2 potions of heal wounds for 140 gold pieces
 18913 | Orc:2    | Bought a potion of might for 56 gold pieces
 18913 | Orc:2    | Bought a potion of curing for 42 gold pieces
 18913 | Orc:2    | Bought a potion of beneficial mutation for 490 gold pieces
 18918 | Orc:2    | Found Joun's Antique Weapon Boutique.
 18922 | Orc:2    | Paralysed by an orc sorcerer for 5 turns
 18939 | Orc:2    | HP: 3/129 [orc sorcerer/bolt of fire (13)]
 18940 | Orc:2    | Killed from afar by an orc sorcerer

Skill      XL: |  1  2  3  4  5  6  7  8  9 10 11 12 13 |
---------------+----------------------------------------+-----
Fighting       | 3 5 6 8 9 10 11 12 13 | 13.6
Armour         | 3 5 6 7 8 9 10 11 12 | 12.2
Axes           | 5 8 10 12 14 16 | 16.7
Shields        | 3 5 7 8 9 |  9.5
Dodging        | 2 4 5 7 |  7.2
Short Blades   | |  2.0
Throwing       | |  1.7
Stealth        | |  3.2

Action                   |  1- 3 |  4- 6 |  7- 9 | 10-12 | 13-15 || total
-------------------------+-------+-------+-------+-------+-------++-------
Melee: Dagger            |    79 |   249 |   407 |   222 |       ||   957
       Hand axe          |       |       |     1 |       |       ||     1
       Headbutt          |       |       |    13 |   139 |   101 ||   253
       War axe           |       |       |       |   519 |   209 ||   728
       Battleaxe         |       |       |       |       |   143 ||   143
       Broad axe         |       |       |       |       |   151 ||   151
Evoke: Wand              |       |       |       |     1 |    10 ||    11
  Use: Scroll            |       |     1 |     5 |    13 |     9 ||    28
       Potion            |       |       |     3 |     6 |     3 ||    12
 Stab: Sleeping          |     2 |       |       |       |       ||     2
       Confused          |       |       |       |     1 |     1 ||     2
  Eat: Chunk             |     1 |     6 |    14 |    33 |    12 ||    66
       Pizza             |       |       |       |     4 |     2 ||     6
       Fruit             |       |       |       |     1 |       ||     1
       Beef jerky        |       |       |       |     1 |       ||     1
       Royal jelly       |       |       |       |       |     1 ||     1
Armor: Robe              |     4 |       |       |       |       ||     4
       Chain mail        |    17 |   188 |   241 |     8 |    89 ||   543
       Skin              |       |       |     2 |    14 |       ||    16
       Plate armour      |       |       |       |   146 |   101 ||   247
       Scale mail        |       |       |       |   182 |    69 ||   251
Dodge: Dodged            |    26 |   104 |   119 |   145 |   139 ||   533
Block: Large shield      |       |       |   103 |   581 |   299 ||   983
